 Dungeon Crawl Stone Soup version 0.20-a0-809-gaf7f668 (console) character file.

81 nht the Slasher (level 4, -1/35 HPs)
             Began as a Merfolk Berserker on Mar 3, 2017.
             Was a Believer of Trog.
             Killed from afar by an orc wizard (9 damage)
             ... with a magic dart
             ... on level 3 of the Dungeon.
             The game lasted 00:01:47 (1724 turns).

nht the Slasher (Merfolk Berserker)                 Turns: 1724, Time: 00:01:48

Health: -1/35      AC:  2    Str: 22    XL:     4   Next: 40%
Magic:  4/4        EV: 13    Int:  6    God:    Trog [**....]
Gold:   160        SH:  0    Dex: 14    Spells: 3/3 levels left

rFire    . . .     SeeInvis .   a - +0 falchion
rCold    . . .     Gourm    .   b - +0 animal skin
rNeg     . . .     Faith    .   (no shield)
rPois    .         Spirit   .   (helmet restricted)
rElec    .         Reflect  .   (no cloak)
rCorr    .         Harm     .   (no gloves)
MR       .....                  (no boots)
Stlth    +.........             (no amulet)
Regen    0.2/turn               (no ring)
MPRegen  0.1/turn               (no ring)

@: confused, mighty, exhausted, slowed, very slow
A: change form in water, swift swim, stealthy swim, horns 1, blink
a: Blink, Berserk, Trog's Hand, Burn Spellbooks, Renounce Religion


You were on level 3 of the Dungeon.
You worshipped Trog.
Trog was pleased with you.
You were hungry.

You visited 1 branch of the dungeon, and saw 3 of its levels.

You collected 160 gold pieces.

Inventory:

Hand Weapons
 a - a +0 falchion (weapon)
Missiles
 k - 20 poisoned needles
 l - 3 javelins (quivered)
 n - 16 tomahawks
Armour
 b - a +0 animal skin (worn)
 f - a +0 shield
Jewellery
 o - a +3 ring of strength {unknown}
 q - an uncursed ring of stealth {unknown}
Scrolls
 d - 5 scrolls of identify {unknown}
 e - a scroll of noise {unknown}
 h - 2 scrolls of recharging {unknown}
 i - 5 scrolls of remove curse {unknown}
 j - a scroll of blinking {unknown}
 p - 2 scrolls of immolation {unknown}
Potions
 m - a potion of mutation
Comestibles
 c - 3 bread rations
 s - 3 chunks of flesh


   Skills:
 - Level 3.2 Fighting
 + Level 5.5 Long Blades
 - Level 1.3 Armour
 - Level 2.6 Dodging


You had 3 spell levels left.
You didn't know any spells.

Dungeon Overview and Level Annotations

Branches:
Dungeon (3/15)

Altars:


Innate Abilities, Weirdness & Mutations

You revert to your normal form in water.
You are very nimble and swift while swimming.
You are very stealthy in the water. (Stealth+)
You have a pair of small horns on your head.
You can translocate small distances at will.


Message History

Something barely misses you.
You slash something!
You hear some strange, mumbled words.
A magic dart appears from out of thin air!
The magic dart hits you!
* * * LOW HITPOINT WARNING * * *
Something hits you.
* * * LOW HITPOINT WARNING * * *
You closely miss something. Something barely misses you.
You hit something. Your headbutt misses something.
Something completely misses you. Something hits you but does no damage.
You slash something!
You hear some strange, mumbled words.
You are confused.
Something completely misses you.
You bump into the rock wall.
You hear some strange, mumbled words.
A magic dart appears from out of thin air!
The magic dart hits you!
You die...

..█ █.█ ██.██
.██ █.█
█████.███ .█
█.█ █...)([.█
.█ █.█
█....)..█ .█
████..†...!█
.█
.......)...█
.█
██████.......█
.█
█.)..........█
.█
█.████..@{...█
█████.███ .█
o█ {.


There were no monsters in sight!

Vanquished Creatures
  2 adders
  A dart slug (D:1)
  11 orcs (D:3)
  10 hobgoblins
  4 jackals (D:1)
  2 bats
  A frilled lizard (D:2)
  4 goblins
  5 kobolds
  9 rats
49 creatures vanquished.

Notes
Turn   | Place    | Note
-------+----------+-------------------------------------------
     0 | D:1      | nht the Merfolk Berserker began the quest for the Orb.
     0 | D:1      | Reached XP level 1. HP: 18/18 MP: 1/1
   402 | D:1      | Reached skill level 4 in Long Blades
   402 | D:1      | Reached XP level 2. HP: 17/24 MP: 2/2
   760 | D:2      | Reached XP level 3. HP: 15/29 MP: 3/3
  1055 | D:2      | Reached ** piety under Trog
  1293 | D:3      | Reached skill level 5 in Long Blades
  1644 | D:3      | Reached XP level 4. HP: 26/35 MP: 4/4
  1714 | D:3      | Gained mutation: You can translocate small distances at will. [potion of mutation]
  1714 | D:3      | Gained mutation: You have a pair of small horns on your head. [potion of mutation]
  1724 | D:3      | Killed from afar by an orc wizard

Vault maps used:
D:1:      dpeg_arrival_boxorama
D:2:      first_bread

Skill      XL: |  1  2  3 |
---------------+----------+-----
Long Blades    | 4 5 |  5.5
Fighting       | |  3.2
Armour         | |  1.3
Dodging        | |  2.6

Action                   |  1- 3 |  4- 6 || total
-------------------------+-------+-------++-------
Melee: Falchion          |   116 |    33 ||   149
Invok: Berserk           |       |     1 ||     1
 Abil: Blink             |       |     1 ||     1
  Use: Potion            |       |     3 ||     3
 Stab: Sleeping          |     2 |       ||     2
  Eat: Chunk             |     2 |     1 ||     3
Armor: Animal skin       |    14 |       ||    14
Dodge: Dodged            |    90 |    22 ||   112
       Rpst.: Falchion   |    27 |     7 ||    34
